 Dungeon Crawl Stone Soup version 0.30.0-19-g36f170ea60 (webtiles) character file.

Game seed: 4928864314743094793

72 McKennaii the Conjurer (level 3, 0/26 HPs)
             Began as a Demigod Conjurer on May 31, 2023.
             Slain by Crazy Yiuf
             ... wielding a +3 quarterstaff of chaos
              (2 damage)
             ... on level 2 of the Dungeon.
             The game lasted 00:01:16 (1671 turns).

McKennaii the Conjurer (Demigod Conjurer)           Turns: 1671, Time: 00:01:17

Health: 0/26       AC:  3    Str:  8    XL:     3   Next: 80%
Magic:  6/10       EV: 12    Int: 24    God:
Gold:   59         SH:  0    Dex: 12    Spells: 4/7 levels left

rFire   . . .        (no weapon)
rCold   . . .        (no shield)
rNeg    . . .        a - +0 robe
rPois   .            h - +0 helmet
rElec   .            (no cloak)
rCorr   .            (no gloves)
SInv    .            (no boots)
Will    .....        (no amulet)
Stlth   ++           (no ring)
HPRegen 0.24/turn    (no ring)
MPRegen 0.12/turn

%: no passive effects
@: no status effects
A: high MP 1, forlorn, divine attributes
a: no special abilities


You were on level 2 of the Dungeon.
You visited 1 branch of the dungeon, and saw 2 of its levels.

You collected 59 gold pieces.

Inventory:

Armour
 a - a +0 robe (worn)
 h - a +0 helmet (worn)
Scrolls
 c - a scroll of fear {unknown}
 d - a scroll of blinking {unknown}
 e - a scroll of immolation {unknown}
 f - a scroll of teleportation {unknown}
 g - 3 scrolls of vulnerability {unknown}
 k - a scroll of identify {unknown}
Potions
 b - a potion of magic
 i - a potion of mutation {unknown}
 j - 2 potions of curing {unknown}
 l - a potion of brilliance {unknown}


   Skills:
 - Level 1.7 Dodging
 - Level 1.7 Stealth
 + Level 2.9 Spellcasting
 + Level 4.4 Conjurations


You had 4 spell levels left.
You knew the following spells:

 Your Spells              Type           Power      Damage    Failure   Level
a - Magic Dart            Conj           96%        1d7       1%          1
b - Searing Ray           Conj           48%        2d6       2%          2

Your spell library contained the following spells:

 Spells                   Type           Power      Damage    Failure   Level
 Sandblast                Erth           6%         2d5       11%         1
 Dazzling Flash           Conj/Hex       28%        N/A       13%         3
 Stone Arrow              Conj/Erth      28%        3d8       13%         3
 Passwall                 Tmut/Erth      2%         N/A       17%         2
 Fulminant Prism          Conj/Hex       7%         3d7       41%         4
 Iskenderun's Mystic Bla  Conj/Tloc      14%        2d5       41%         4


Dungeon Overview and Level Annotations

Branches:
Dungeon (2/15)

Annotations:
D:2 Crazy Yiuf


Innate Abilities, Weirdness & Mutations

You have an increased reservoir of magic. (+10% MP)
You shall have no god before yourself.
Your divine heritage dramatically boosts your attributes as you level up.


Message History

You can't see any susceptible monsters within range! (Use Z to cast anyway.)
You can't see any susceptible monsters within range! (Use Z to cast anyway.)
There is a stone staircase leading up here.
l - a purple potion You can't see any susceptible monsters within range! (Use Z to cast anyway.) Key pressed, stopping explore.
You can't see any susceptible monsters within range! (Use Z to cast anyway.) Crazy Yiuf shouts!
Crazy Yiuf whimpers, "Cards snail canine!"
You can't see any susceptible monsters within range! (Use Z to cast anyway.) Could not explore, unopened runed door.
Could not explore, unopened runed door.
You can't see any susceptible monsters within range! (Use Z to cast anyway.) Could not explore, unopened runed door.
You can't see any susceptible monsters within range! (Use Z to cast anyway.)
You can't see any susceptible monsters within range! (Use Z to cast anyway.) Could not explore, unopened runed door.
Could not explore, unopened runed door.
You can't see any susceptible monsters within range! (Use Z to cast anyway.)
You open the door.
Casting: Magic Dart (safe; 1% risk of failure)
Confirm with . or Enter, or press ? or * to list all spells.
Aiming: Searing Ray (safe; 2% risk of failure)
Press: ? - help, Shift-Dir - straight line, f - Crazy Yiuf
Aim: Crazy Yiuf, wielding a +3 quarterstaff of chaos and wearing a +0 cloak (82% to hit)
The searing ray hits Crazy Yiuf.
Crazy Yiuf is moderately wounded. (Press . to maintain the ray.) Crazy Yiuf hits you with a +3 quarterstaff of chaos!
Ouch! That really hurt!
Crazy Yiuf burns you.
The searing ray hits Crazy Yiuf.
Crazy Yiuf is moderately wounded.
Crazy Yiuf closely misses you.
The searing ray hits Crazy Yiuf.
Crazy Yiuf is heavily wounded.
Crazy Yiuf hits you with a +3 quarterstaff of chaos!
* * * LOW HITPOINT WARNING * * *
Crazy Yiuf burns you.
You die...

#..#.##.##.#.#
#.......######
.....##.#..###
#####........#
#..####.#.##
#...####.#
#..# #)#.#
##### ##<##
#.# ...# #.#.#
#).)#
##.#####.#
#..####.#.##
#.).#
#........#
#..........#
.). #######..#
#....>.....#
#g# #..#
#.......#.##
♣♣@♣ #..#
#########.##
♣.♣♣ #..#
##..# ♣♣.♣
#..#
########...#
♣.♣♣ #..#
...........#
♣♣.♣♣ #..#
########...#
♣...♣♣
#######..### #
##..# ♣....♣
#..........< #
#.## #....#
#.#####..###
#.#
#....####...#
#..#


You could see Crazy Yiuf.

Vanquished Creatures
  3 adders (D:2)
  A worm (D:2)
  2 dart slugs
  3 bats
  4 endoplasms
  4 giant cockroaches
  3 hobgoblins
  2 jackals (D:1)
  A quokka (D:1)
  3 ball pythons
  A frilled lizard (D:1)
  A goblin (D:1)
  2 kobolds (D:2)
  10 rats
40 creatures vanquished.

Notes
Turn   | Place    | Note
-------+----------+-------------------------------------------
     0 | D:1      | McKennaii the Demigod Conjurer began the quest for the Orb.
     0 | D:1      | Reached XP level 1. HP: 14/14 MP: 5/5
   330 | D:1      | Reached XP level 2. HP: 20/20 MP: 4/7
   508 | D:1      | Reached skill level 4 in Conjurations
   571 | D:1      | You fall into a shaft and drop 1 floor!
   623 | D:2      | Identified the +4 mace of Mophiw {venom, SInv Stlth+}
   635 | D:2      | Reached XP level 3. HP: 26/26 MP: 2/9
   638 | D:2      | Learned a level 2 spell: Searing Ray
  1493 | D:2      | Found a runed translucent door.
  1494 | D:2      | Noticed Crazy Yiuf
  1671 | D:2      | Slain by Crazy Yiuf

Illustrated notes

Levels and vault maps discovered:
D:1:      dpeg_arrival_oval, layout_basic, shapermc_ecumenical_altar_venn
D:2:      layout_loops_ring, uniq_crazy_yiuf_cottage

Skill      XL: |  1  2 |
---------------+-------+-----
Spellcasting   | 2 |  2.9
Conjurations   | 4 |  4.4
Dodging        | |  1.7
Stealth        | |  1.7

Action                     || total
---------------------------++-------
   Cast: Magic Dart        ||    82
         Searing Ray       ||     1
 Armour: Robe              ||     4
  Dodge: Dodged            ||     8
